 Dungeon Crawl Stone Soup version 0.27-a0-808-g60bc5d92e6 (webtiles) character file.

Game seed: 10020875782547274235

63 sizableburger the Digger (level 3, 0/19 HPs)
             Began as a Deep Elf Earth Elementalist on Mar 28, 2021.
             Slain by a quokka (2 damage)
             ... on level 2 of the Dungeon.
             The game lasted 00:05:39 (1670 turns).

sizableburger the Digger (DEEE)                     Turns: 1670, Time: 00:05:40

Health: 0/19       AC:  3    Str:  5    XL:     3   Next: 89%
Magic:  2/9        EV: 13    Int: 20    God:
Gold:   57         SH:  0    Dex: 15    Spells: 2/8 levels left

rFire    . . .     SeeInvis .   d - +0 dagger
rCold    . . .     Faith    .   (no shield)
rNeg     . . .     Spirit   .   c - +0 robe
rPois    .         Reflect  .   (no helmet)
rElec    .         Harm     .   (no cloak)
rCorr    .         Rampage  .   (no gloves)
Will     .....                  j - +0 pair of boots
Stlth    ++........             (no amulet)
HPRegen  0.06/turn              (no ring)
MPRegen  0.11/turn              (no ring)

@: no status effects
A: no striking features
a: no special abilities


You were on level 2 of the Dungeon.
You visited 1 branch of the dungeon, and saw 2 of its levels.

You collected 57 gold pieces.

Inventory:

Hand Weapons
 a - a +0 short sword
 d - a +0 dagger (weapon)
Armour
 c - a +0 robe (worn)
 j - a +0 pair of boots (worn)
Scrolls
 e - a scroll of vulnerability {unknown}
 f - a scroll of enchant armour {unknown}
 g - 2 scrolls of teleportation {unknown}
 i - 2 scrolls of identify {unknown}
 k - a scroll of amnesia {unknown}
Potions
 b - a potion of mutation {unknown}
 h - a potion of berserk rage {unknown}


   Skills:
 + Level 1.3 Short Blades
 + Level 3.3 Dodging
 - Level 2.4 Stealth
 - Level 3.2 Spellcasting
 + Level 0.9 Conjurations
 - Level 1.8 Transmutations
 + Level 3.8 Earth Magic


You had 2 spell levels left.
You knew the following spells:

 Your Spells              Type           Power      Damage    Failure   Level
a - Sandblast             Erth           36%        2d10      2%          1
b - Passwall              Tmut/Erth      11%        N/A       6%          2
c - Stone Arrow           Conj/Erth      24%        3d8       16%         3

Your spell library contained the following spells:

 Spells                   Type           Power      Damage    Failure   Level
 Petrify                  Tmut/Erth      14%        N/A       38%         4
 Lee's Rapid Deconstruct  Erth           9%         3d8*      61%         5


Dungeon Overview and Level Annotations

Branches:
Dungeon (2/15)

Altars:


Message History

Unknown command.
Casting: Stone Arrow (extremely dangerous; 16% risk of failure)
Confirm with . or Enter, or press ? or * to list all spells.
You don't know that spell.
Casting: Stone Arrow (extremely dangerous; 16% risk of failure)
Confirm with . or Enter, or press ? or * to list all spells.
You don't know that spell.
Casting: Stone Arrow (extremely dangerous; 16% risk of failure)
Confirm with . or Enter, or press ? or * to list all spells.
The spell is extremely dangerous to cast (16% risk of failure)!
Continue anyway?
Aiming: Stone Arrow (extremely dangerous; 16% risk of failure)
Press: ? - help, Shift-Dir - straight line, f - quokka, p - quokka
Aim: a quokka (wandering, hasn't noticed you, 44% to evade)
The stone arrow hits the quokka!
You kill the quokka!
Unknown command.
The quokka barely misses you. The quokka closely misses you.
The quokka closely misses you.
Casting: Stone Arrow (extremely dangerous; 16% risk of failure)
Confirm with . or Enter, or press ? or * to list all spells.
You don't know that spell.
Casting: Stone Arrow (extremely dangerous; 16% risk of failure)
Confirm with . or Enter, or press ? or * to list all spells.
The spell is extremely dangerous to cast (16% risk of failure)!
Continue anyway?
Aiming: Stone Arrow (extremely dangerous; 16% risk of failure)
Press: ? - help, Shift-Dir - straight line, f/p - quokka
Aim: a quokka (44% to evade)
The stone arrow misses the quokka.
The quokka barely misses you.
Unknown command.
The quokka bites you.
* * * LOW HITPOINT WARNING * * *
A ball python comes into view.
The quokka barely misses you.
Things that are here:
a quokka corpse; a rat corpse The quokka bites you.
* * * LOW HITPOINT WARNING * * *
The quokka bites you.
You die...

#...##.......#
#.#..........#
#.####......## #.#
#.#...## #### #.##
#..#### #..### #..#
##.# ###..... ##.##
#.#####...###. #..#
#....#..##.... ##@#
####...##....# #r##
###..##.....
#..####.........).
##...#..#.#.......
##.....##.##......
#..#.#..###.......
#.##.##..##.....รท.
#..###..###..#....
#...#..##.##.#....


You could see a quokka.

Vanquished Creatures
  2 adders (D:2)
  A dart slug (D:1)
  4 endoplasms (D:1)
  2 giant cockroaches (D:1)
  A goblin (D:1)
  5 hobgoblins
  5 jackals (D:2)
  4 kobolds
  2 quokkas (D:2)
  4 ball pythons
  2 bats (D:1)
  3 frilled lizards
  4 rats
39 creatures vanquished.

Notes
Turn   | Place    | Note
-------+----------+-------------------------------------------
     0 | D:1      | sizableburger the Deep Elf Earth Elementalist began the
                  | quest for the Orb.
     0 | D:1      | Reached XP level 1. HP: 10/10 MP: 6/6
   167 | D:1      | Reached XP level 2. HP: 15/15 MP: 8/8
   213 | D:1      | Learned a level 2 spell: Passwall
   913 | D:1      | Reached XP level 3. HP: 19/19 MP: 7/9
  1082 | D:2      | Learned a level 3 spell: Stone Arrow
  1117 | D:2      | Reached skill level 1 in Short Blades
  1670 | D:2      | Slain by a quokka

Illustrated notes

Levels and vault maps discovered:
D:1:      kennysheep_arrival_seaside, layout_rooms,
          chequers_serial_rivers_micro_c, minmay_pentomino_p2
D:2:      layout_rooms, minmay_between

Skill      XL: |  1  2  3 |
---------------+----------+-----
Dodging        | 3 |  3.3
Short Blades   | 1 |  1.3
Stealth        | |  2.4
Spellcasting   | |  3.2
Conjurations   | |  0.9
Transmutations | |  1.8
Earth Magic    | |  3.8

Action                   || total
-------------------------++-------
Melee: Short sword       ||     1
       Dagger            ||    54
 Cast: Sandblast         ||    30
       Stone Arrow       ||    10
 Stab: Sleeping          ||     1
Armor: Robe              ||     9
Dodge: Dodged            ||    45

Table legend: (Time is in decaauts)
 A = Elapsed time spent in this place.
 B = Non-inter-level travel time spent in this place.
 C = Inter-level travel time spent in this place.
 D = Time resting spent in this place.
 E = Time spent auto-exploring this place.
 F = Levels seen in this place.
 G = Mean time per level.
                   A        B        C        D        E       F      G
               +--------+--------+--------+--------+--------+-----+--------+
         Total |   1669 |   1623 |     46 |    712 |    583 |   2 |  834.5 |
       Dungeon |   1669 |   1623 |     46 |    712 |    583 |   2 |  834.5 |
               +--------+--------+--------+--------+--------+-----+--------+

Top non-repeatable levels by time:
     D:1: 1066 daAuts
     D:2: 603 daAuts
